 Dungeon Crawl Stone Soup version 0.30-a0-845-g7c6808c8ce (webtiles) character file.

Game seed: 7662607170398756659

211 retardedninja the Shield-Bearer (level 5, -1/47 HPs)
             Began as a Gnoll Fighter on Mar 2, 2023.
             Slain by a gnoll
             ... wielding a +0 club
              (2 damage)
             ... on level 3 of the Dungeon.
             The game lasted 00:02:23 (1610 turns).

retardedninja the Shield-Bearer (Gnoll Fighter)     Turns: 1610, Time: 00:02:24

Health: -1/47      AC:  7    Str: 17    XL:     5   Next: 88%
Magic:  7/7        EV:  9    Int:  8    God:
Gold:   171        SH:  5    Dex: 11    Spells: 7/7 levels left

rFire   . . .      SeeInvis .    a - +0 flail
rCold   . . .      Faith    .    c - +0 buckler
rNeg    . . .      Spirit   .    b - +0 scale mail
rPois   .          Reflect  .    (no helmet)
rElec   .          Rampage  .    (no cloak)
rCorr   .                        (no gloves)
Will    .....                    (no boots) Stlth
                                 (no amulet)
HPRegen 0.27/turn                (no ring)
MPRegen 0.10/turn                (no ring)

@: no status effects
A: fangs 1, strong nose, distributed training
a: no special abilities


You were on level 3 of the Dungeon.
You visited 1 branch of the dungeon, and saw 3 of its levels.

You collected 171 gold pieces.

Inventory:

Hand Weapons
 a - a +0 flail (weapon)
Armour
 b - a +0 scale mail (worn)
 c - a +0 buckler (worn)
Scrolls
 d - a scroll of torment {unknown}
 e - a scroll of fog {unknown}
 h - a scroll of enchant armour {unknown}
Potions
 f - a potion of degeneration {unknown}
 g - a potion of curing {unknown}
 i - a potion of brilliance
 j - a potion of flight {unknown}


   Skills:
 + Level 6.7 Fighting
 + Level 1.7 Short Blades
 + Level 1.7 Long Blades
 + Level 1.7 Axes
 + Level 4.9 Maces & Flails
 + Level 1.7 Polearms
 + Level 1.7 Staves
 + Level 1.7 Ranged Weapons
 + Level 1.7 Throwing
 + Level 6.7 Armour
 + Level 1.7 Dodging
 + Level 1.7 Stealth
 + Level 6.7 Shields
 + Level 1.7 Unarmed Combat
 + Level 1.7 Spellcasting
 + Level 1.3 Conjurations
 + Level 1.3 Hexes
 + Level 1.3 Summonings
 + Level 1.3 Necromancy
 + Level 1.3 Translocations
 + Level 1.3 Transmutations
 + Level 1.3 Fire Magic
 + Level 1.3 Ice Magic
 + Level 1.3 Air Magic
 + Level 1.3 Earth Magic
 + Level 1.3 Poison Magic
 + Level 2.0 Invocations
 + Level 1.7 Evocations


You had 7 spell levels left.
You didn't know any spells.
Your spell library contained the following spells:

 Spells                   Type           Power      Damage    Failure   Level
 Kiss of Death            Conj/Necr      8%         2d6       63%         1
 Confusing Touch          Hex            2%         N/A       94%         3
 Dispel Undead            Necr           2%         3d7       100%        4


Dungeon Overview and Level Annotations

Branches:
Dungeon (3/15)

Altars:
Trog

Annotations:
D:2 1 runed translucent door, Crazy Yiuf


Innate Abilities, Weirdness & Mutations

You have very sharp teeth.
Your uncanny sense of smell can sniff out nearby items.
Your experience applies equally to all skills.


Message History

The gnoll hits you from afar with a +0 spear.
You block the gnoll's attack. The gnoll barely misses you.
You sock the gnoll!
The gnoll is severely wounded.
The gnoll barely misses you. The gnoll closely misses you. x2
You closely miss the gnoll.
The gnoll is severely wounded.
The gnoll hits you but does no damage. The gnoll barely misses you.
You block the gnoll's attack.
You hit the gnoll.
You kill the gnoll!
You block the gnoll's attack.
The gnoll hits you from afar with a +0 spear. x2
The gnoll hits you with a +0 club.
* * * LOW HITPOINT WARNING * * *
Your Invocations skill increases to level 2!
The gnoll hits you with a +0 club.
* * * LOW HITPOINT WARNING * * *
You block the gnoll's attack.
Things that are here:
a +0 club; a +0 club; a gnoll corpse You hit the gnoll but do no damage.
You bite the gnoll, but do no damage. The gnoll closely misses you.
The gnoll hits you with a +0 spear.
* * * LOW HITPOINT WARNING * * *
You hit the gnoll.
The gnoll is moderately wounded.
You block the gnoll's attack. The gnoll completely misses you.
You barely miss the gnoll.
The gnoll is moderately wounded.
The gnoll hits you with a +0 spear.
* * * LOW HITPOINT WARNING * * *
The gnoll hits you but does no damage.
You sock the gnoll!
The gnoll is almost dead.
You block the gnoll's attack. The gnoll hits you with a +0 spear.
* * * LOW HITPOINT WARNING * * *
You thump the gnoll!
You kill the gnoll!
The gnoll hits you with a +0 club.
You die...

### #.#. #.# #.. #...
..### ∆ #.# .#.# ....
#.# ... ... #<#
######..#..
#.####....#....#
#...##.##.#..†.###...
###.####.##g###........
#...####.##.@S..###.#..
#.###.##.######## ∆
#...#.##....#
###.#..#.##.#
#.#.......# #.#.....###
#.#<..#.# #.#####.#
#....##.#


You could see a gnoll and a ball python.

Vanquished Creatures
  Sigmund (D:2)
  3 gnolls (D:3)
  A worm (D:2)
  2 dart slugs (D:1)
  2 endoplasms (D:1)
  A giant cockroach (D:3)
  5 goblins
  4 hobgoblins
  2 jackals (D:1)
  2 quokkas (D:1)
  4 ball pythons
  3 bats (D:2)
  A frilled lizard (D:2)
  3 kobolds (D:1)
  4 rats
  A bush (D:1)
39 creatures vanquished.

Vanquished Creatures (others)
  2 fungi (D:2)
  A plant (D:1)
3 creatures vanquished.

Grand Total: 42 creatures vanquished

Notes
Turn   | Place    | Note
-------+----------+-------------------------------------------
     0 | D:1      | retardedninja the Gnoll Fighter began the quest for the
                  | Orb.
     0 | D:1      | Reached XP level 1. HP: 23/23 MP: 1/1
    21 | D:1      | Found a faded altar of an unknown god.
   134 | D:1      | Reached XP level 2. HP: 27/29 MP: 2/2
   227 | D:1      | Reached XP level 3. HP: 32/35 MP: 3/3
   697 | D:2      | Reached skill level 1 in Invocations
  1216 | D:2      | Noticed Sigmund
  1230 | D:2      | Killed Sigmund
  1231 | D:2      | Reached skill level 1 in Short Blades
  1231 | D:2      | Reached skill level 1 in Long Blades
  1231 | D:2      | Reached skill level 1 in Axes
  1231 | D:2      | Reached skill level 1 in Polearms
  1231 | D:2      | Reached skill level 1 in Staves
  1231 | D:2      | Reached skill level 1 in Ranged Weapons
  1231 | D:2      | Reached skill level 1 in Throwing
  1231 | D:2      | Reached skill level 1 in Dodging
  1231 | D:2      | Reached skill level 1 in Stealth
  1231 | D:2      | Reached skill level 1 in Unarmed Combat
  1231 | D:2      | Reached skill level 1 in Spellcasting
  1231 | D:2      | Reached skill level 1 in Conjurations
  1231 | D:2      | Reached skill level 1 in Hexes
  1231 | D:2      | Reached skill level 1 in Summonings
  1231 | D:2      | Reached skill level 1 in Necromancy
  1231 | D:2      | Reached skill level 1 in Translocations
  1231 | D:2      | Reached skill level 1 in Transmutations
  1231 | D:2      | Reached skill level 1 in Fire Magic
  1231 | D:2      | Reached skill level 1 in Ice Magic
  1231 | D:2      | Reached skill level 1 in Air Magic
  1231 | D:2      | Reached skill level 1 in Earth Magic
  1231 | D:2      | Reached skill level 1 in Poison Magic
  1231 | D:2      | Reached skill level 1 in Evocations
  1231 | D:2      | Reached XP level 4. HP: 25/41 MP: 4/6
  1231 | D:2      | Reached XP level 5. HP: 29/47 MP: 4/7
  1386 | D:2      | Found a bloodstained altar of Trog.
  1506 | D:2      | Found a runed translucent door.
  1507 | D:2      | Noticed Crazy Yiuf
  1609 | D:3      | HP: 1/47 [gnoll/+0 spear (3)]
  1610 | D:3      | Slain by a gnoll

Illustrated notes

Levels and vault maps discovered:
D:1:      evilmike_arrival_hilbert_curve, layout_basic,
          ebering_ecumenical_altar_sacrificial, serial_forest,
          infiniplex_forest_lined_2, infiniplex_forest_zigzag_1,
          infiniplex_forest_corner_1, infiniplex_forest_end_3,
          infiniplex_forest_clump_tiny, infiniplex_forest_clump_cross,
          infiniplex_forest_zigzag_1, infiniplex_forest_corner_2,
          infiniplex_forest_clump_curved
D:2:      layout_basic, basic_altar, uniq_sigmund, uniq_crazy_yiuf_cottage
D:3:      layout_basic, chequers_serial_rivers_room_a

Skill      XL: |  1  2  3  4  5 |
---------------+----------------+-----
Invocations    | 1 2 |  2.0
Short Blades   | 1 |  1.7
Long Blades    | 1 |  1.7
Axes           | 1 |  1.7
Polearms       | 1 |  1.7
Staves         | 1 |  1.7
Ranged Weapons | 1 |  1.7
Throwing       | 1 |  1.7
Dodging        | 1 |  1.7
Stealth        | 1 |  1.7
Unarmed Combat | 1 |  1.7
Spellcasting   | 1 |  1.7
Conjurations   | 1 |  1.3
Hexes          | 1 |  1.3
Summonings     | 1 |  1.3
Necromancy     | 1 |  1.3
Translocations | 1 |  1.3
Transmutations | 1 |  1.3
Fire Magic     | 1 |  1.3
Ice Magic      | 1 |  1.3
Air Magic      | 1 |  1.3
Earth Magic    | 1 |  1.3
Poison Magic   | 1 |  1.3
Evocations     | 1 |  1.7
Fighting       | |  6.7
Maces & Flails | |  4.9
Armour         | |  6.7
Shields        | |  6.7

Action                     |  1- 3 |  4- 6 || total
---------------------------+-------+-------++-------
  Melee: Flail             |   151 |    30 ||   181
         Bite              |    20 |     5 ||    25
    Use: Potion            |     2 |       ||     2
 Armour: Scale mail        |    47 |     8 ||    55
  Dodge: Dodged            |    46 |    15 ||    61
  Block: Buckler           |    31 |    10 ||    41

Table legend: (Time is in decaauts)
 A = Elapsed time spent in this place.
 B = Non-inter-level travel time spent in this place.
 C = Inter-level travel time spent in this place.
 D = Time resting spent in this place.
 E = Time spent auto-exploring this place.
 F = Levels seen in this place.
 G = Mean time per level.
                   A        B        C        D        E       F      G
               +--------+--------+--------+--------+--------+-----+--------+
         Total |   1647 |   1628 |     19 |      0 |   1264 |   3 |  549.0 |
       Dungeon |   1647 |   1628 |     19 |      0 |   1264 |   3 |  549.0 |
               +--------+--------+--------+--------+--------+-----+--------+

Top non-repeatable levels by time:
     D:2: 853 daAuts
     D:1: 705 daAuts
     D:3: 88 daAuts
